 Dungeon Crawl Stone Soup version 0.30-a0-586-g23e55c9e0a (webtiles) character file.

Game seed: 9948124906614598496

22 wormed the Stinger (level 2, -2/34 HPs)
             Began as a Gnoll Wanderer on Jan 4, 2023.
             Slain by Jessica
             ... wielding a +6 dagger of speed
              (6 damage)
             ... on level 2 of the Dungeon.
             The game lasted 00:02:20 (1004 turns).

wormed the Stinger (Gnoll Wanderer)                 Turns: 1004, Time: 00:02:21

Health: -2/34      AC: 21    Str:  8    XL:     2   Next: 91%
Magic:  4/14       EV:  2    Int: 10    God:
Gold:   58         SH:  0    Dex: 15    Spells: 4/6 levels left

rFire   . . .      SeeInvis .    a - +0 dagger
rCold   . . .      Faith    .    (no shield)
rNeg    . . .      Spirit   .    (body armour currently unavailable)
rPois   +          Reflect  .    (helmet currently unavailable)
rElec   .          Harm     .    (cloak currently unavailable)
rCorr   .          Rampage  .    (gloves currently unavailable)
Will    .....      NoTele   +    (boots currently unavailable)
Stlth   ++                       (no amulet)
HPRegen 0.25/turn                h - ring of magical power
MPRegen 0.14/turn                (no ring)

@: tree-form, very slightly contaminated, slowed, very slow
A: stationary, stasis, torment immunity, boosted hp, (fangs 1), strong nose,
distributed training
a: no special abilities


You were on level 2 of the Dungeon.
You were a tree.
You visited 1 branch of the dungeon, and saw 2 of its levels.

You collected 58 gold pieces.

Inventory:

Hand Weapons
 a - a +0 dagger (weapon)
Armour
 c - a +0 robe
 f - a +0 leather armour (melded)
Magical Staves
 l - a staff of air
Jewellery
 h - a ring of magical power (left branch)
Scrolls
 b - 2 scrolls of teleportation
 g - a scroll of amnesia {unknown}
Potions
 d - 2 potions of attraction
 e - a potion of curing {unknown}
 i - a potion of heal wounds {unknown}
 j - 2 potions of resistance {unknown}
 k - a potion of mutation {unknown}


   Skills:
 + Level 2.5 Fighting
 + Level 0.5 Short Blades
 + Level 0.5 Long Blades
 + Level 0.5 Axes
 + Level 0.5 Maces & Flails
 + Level 0.5 Polearms
 + Level 0.5 Staves
 + Level 0.5 Ranged Weapons
 + Level 0.5 Throwing
 + Level 0.5 Armour
 + Level 4.5 Dodging
 + Level 0.5 Stealth
 + Level 0.5 Shields
 + Level 0.5 Unarmed Combat
 + Level 2.7 Spellcasting
 + Level 0.4 Conjurations
 + Level 0.4 Hexes
 + Level 0.4 Summonings
 + Level 0.4 Necromancy
 + Level 3.7 Translocations
 + Level 0.4 Transmutations
 + Level 0.4 Fire Magic
 + Level 0.4 Ice Magic
 + Level 0.4 Air Magic
 + Level 0.4 Earth Magic
 + Level 7.0 Poison Magic
 + Level 0.7 Invocations
 + Level 0.5 Evocations


You had 4 spell levels left.
You knew the following spells:

 Your Spells              Type           Power      Damage    Failure   Level
a - Magic Dart            Conj           8%         1d3       24%         1
b - Apportation           Tloc           16%        N/A       6%          1

Your spell library contained the following spells:

 Spells                   Type           Power      Damage    Failure   Level
 Sting                    Tmut/Pois      32%        1d4       6%          1
 Poisonous Vapours        Pois/Air       16%        N/A       10%         2
 Mephitic Cloud           Conj/Pois/Air  6%         N/A       30%         3
 Call Imp                 Summ           2%         N/A       36%         2
 Kindle Blastsparks       Fire/Tloc/Air  8%         2d10      43%         3


Dungeon Overview and Level Annotations

Branches:
Dungeon (2/15)

Altars:

Annotations:
D:2 Jessica


Innate Abilities, Weirdness & Mutations

You are a tree.
Your roots penetrate the ground, keeping you stationary.
You cannot be teleported.
You are immune to unholy pain and torment.
Your maximum health is greatly increased.
Your equipment is partially melded.
((You have very sharp teeth.))
Your uncanny sense of smell can sniff out nearby items.
Your experience applies equally to all skills.


Message History

* * * LOW HITPOINT WARNING * * *
You barely miss the goblin. Jessica hits you but does no damage.
The goblin hits you but does no damage. Jessica casts a spell at you.
You feel yourself slow down.
You hit the goblin.
The goblin is heavily wounded.
Jessica hits you but does no damage. The goblin hits you but does no damage.
Jessica hits you but does no damage.
Jessica hits you with a +6 dagger of speed.
* * * LOW HITPOINT WARNING * * *
The goblin hits you but does no damage.
Casting: Magic Dart (safe; 24% risk of failure)
Confirm with . or Enter, or press ? or * to list all spells.
Aiming: Magic Dart (safe; 24% risk of failure)
Press: ? - help, Shift-Dir - straight line, f - Jessica
Aim: Jessica, wielding a +6 dagger of speed, wearing a +0 robe and carrying a wand of polymorph (2) (fast, 100% to hit)
The magic dart hits Jessica.
Jessica is moderately wounded.
Jessica mumbles some strange words.
Jessica blinks!
The goblin hits you but does no damage.
Casting: Magic Dart (safe; 24% risk of failure)
Confirm with . or Enter, or press ? or * to list all spells.
Aiming: Magic Dart (safe; 24% risk of failure)
Press: ? - help, Shift-Dir - straight line, f - goblin
Aim: a goblin, wielding a +0 club (heavily wounded, 100% to hit)
The magic dart hits the goblin.
You kill the goblin!
Jessica shouts, "You're disturbing me!
I'll have to kill you!" Jessica hits you but does no damage.
Casting: Magic Dart (safe; 24% risk of failure)
Confirm with . or Enter, or press ? or * to list all spells.
Aiming: Magic Dart (safe; 24% risk of failure)
Press: ? - help, Shift-Dir - straight line, f - Jessica
Aim: Jessica, wielding a +6 dagger of speed, wearing a +0 robe and carrying a wand of polymorph (2) (moderately wounded, fast, 100% to hit)
You miscast Magic Dart.
You are very lightly contaminated with residual magic.
Nothing appears to happen.
Jessica hits you but does no damage.
Jessica hits you with a +6 dagger of speed.
You die...

## .# ..# ..# ∆
######## #..###.
#......# .......
#......##....#.#
#<.....@♣)# ∆
#......####
+..........
#......####
#<......# ∆
#§......#
#.####### .. ∆


You could see Jessica (fast).

Vanquished Creatures
  A ball python (D:1)
  2 bats (D:1)
  An endoplasm (D:1)
  3 giant cockroaches (D:1)
  3 goblins
  A hobgoblin (D:1)
  2 kobolds (D:1)
  A quokka (D:1)
  5 rats (D:1)
19 creatures vanquished.

Notes
Turn   | Place    | Note
-------+----------+-------------------------------------------
     0 | D:1      | wormed the Gnoll Wanderer began the quest for the Orb.
     0 | D:1      | wormed set off with the following items: a +0 dagger, a
                  | scroll of teleportation, a +0 robe, a potion of attraction;
                  | and the following spells available to memorise:
                  | Apportation, Sting, Poisonous Vapours, Mephitic Cloud,
                  | Kindle Blastsparks.
     0 | D:1      | Reached XP level 1. HP: 17/17 MP: 4/4
     2 | D:1      | Learned a level 1 spell: Apportation
   237 | D:1      | Reached XP level 2. HP: 13/23 MP: 5/5
   241 | D:1      | Learned a level 1 spell: Magic Dart
   987 | D:2      | Noticed Jessica
  1004 | D:2      | Slain by Jessica

Illustrated notes

Levels and vault maps discovered:
D:1:      dpeg_arrival_yet_another_circle, layout_loops_ring
D:2:      layout_basic, serial_glass, glass_columns_b, glass_columns_a,
          glass_columns_c, minmay_misc_feat_room, minmay_misc_feat_chi,
          minmay_stone_trees_small, uniq_jessica, uniq_robin, uniq_terence

Action                   || total
-------------------------++-------
Melee: Dagger            ||    83
       Punch             ||     2
       Bite              ||     3
 Cast: Magic Dart        ||    18
  Use: Scroll            ||     1
 Stab: Sleeping          ||     3
Armor: Robe              ||     7
       Skin              ||    12
       Leather armour    ||    11
Dodge: Dodged            ||    51

Table legend: (Time is in decaauts)
 A = Elapsed time spent in this place.
 B = Non-inter-level travel time spent in this place.
 C = Inter-level travel time spent in this place.
 D = Time resting spent in this place.
 E = Time spent auto-exploring this place.
 F = Levels seen in this place.
 G = Mean time per level.
                   A        B        C        D        E       F      G
               +--------+--------+--------+--------+--------+-----+--------+
         Total |   1004 |    933 |     71 |     38 |    683 |   2 |  502.0 |
       Dungeon |   1004 |    933 |     71 |     38 |    683 |   2 |  502.0 |
               +--------+--------+--------+--------+--------+-----+--------+

Top non-repeatable levels by time:
     D:1: 978 daAuts
     D:2: 26 daAuts
